 Dungeon Crawl Stone Soup version 0.30-a0-715-gdb4ae3ece1 (webtiles) character file.

Game seed: 18028695898059411449

3166 hikkokomori the Blocker (level 9, -11/74 HPs)
             Began as a Gnoll Fighter on Jan 24, 2023.
             Was a Priest of Okawaru.
             Mangled by a wyvern (13 damage)
             ... on level 7 of the Dungeon.
             The game lasted 00:11:49 (5218 turns).

hikkokomori the Blocker (Gnoll Fighter)             Turns: 5218, Time: 00:11:50

Health: -11/74     AC:  6    Str: 19    XL:     9   Next: 94%
Magic:  16/16      EV: 13    Int: 10    God:    Okawaru [***...]
Gold:   284        SH:  7    Dex: 12    Spells: 11/17 levels left

rFire   . . .      SeeInvis .    a - +0 war axe
rCold   + . .      Faith    .    c - +1 buckler
rNeg    . . .      Spirit   .    r - +0 troll leather armour {Pargi}
rPois   +          Reflect  .    (no helmet)
rElec   .          Harm     .    (no cloak)
rCorr   +          Rampage  .    w - +0 pair of gloves
Will    .....                    (no boots)
Stlth   ++                       (no amulet)
HPRegen 1.12/turn                j - ring of poison resistance
MPRegen 0.15/turn                u - ring of Raz Ejapn {rC+ rCorr Int+2}

@: no status effects
A: fangs 1, strong nose, distributed training
a: Renounce Religion, Heroism


You were on level 7 of the Dungeon.
You worshipped Okawaru.
Okawaru was most pleased with you.
You visited 2 branches of the dungeon, and saw 8 of its levels.

You collected 284 gold pieces.

Inventory:

Hand Weapons
 a - a +0 war axe (weapon)
 e - a +1 sling of freezing
 i - a +0 dagger of venom
 S - a +0 morningstar
Armour
 b - a +0 scale mail
 c - a +1 buckler (worn)
 r - a +0 troll leather armour (worn) {Pargi}
 w - a +0 pair of gloves (worn)
Jewellery
 d - a ring of wizardry
 j - a ring of poison resistance (left hand)
 l - a ring of see invisible
 u - the ring of Raz Ejapn (right hand) {rC+ rCorr Int+2}
   (You found it on level 5 of the Dungeon)

   [ring of protection from cold]

   Int:       It affects your intelligence (+2).
   rC:        It protects you from cold.
   rCorr:     It protects you from acid and corrosion.
 B - a ring of magical power
 D - a ring of willpower
 E - a ring of willpower
 O - a ring of positive energy
 R - a +6 ring of intelligence
Wands
 o - a wand of quicksilver (7)
 A - a wand of charming (6)
Scrolls
 h - 6 scrolls of identify {unknown}
 k - a scroll of enchant armour
 m - a scroll of brand weapon {unknown}
 q - 3 scrolls of vulnerability {unknown}
 s - 2 scrolls of fog {unknown}
 v - a scroll of fear {unknown}
 x - a scroll of poison {unknown}
 y - 8 scrolls of teleportation {unknown}
 C - a scroll of blinking {unknown}
 F - 2 scrolls of immolation {unknown}
 H - a scroll of amnesia {unknown}
 J - a scroll of enchant weapon {unknown}
 N - a scroll of torment {unknown}
 P - a scroll of silence {unknown}
 Q - a scroll of butterflies {unknown}
 T - a scroll of noise {unknown}
Potions
 f - 4 potions of curing
 g - a potion of heal wounds {unknown}
 n - 2 potions of attraction {unknown}
 p - a potion of brilliance {unknown}
 t - a potion of haste {unknown}
 z - 2 potions of berserk rage {unknown}
 G - a potion of ambrosia {unknown}
 I - 2 potions of flight {unknown}
 K - a potion of lignification {unknown}
 L - a potion of cancellation {unknown}
 M - a potion of degeneration {unknown}


   Skills:
 + Level 8.3 Fighting
 + Level 4.9 Short Blades
 + Level 4.9 Long Blades
 + Level 6.8 Axes
 + Level 4.9 Maces & Flails
 + Level 4.9 Polearms
 + Level 4.9 Staves
 + Level 4.9 Ranged Weapons
 + Level 4.9 Throwing
 + Level 8.3 Armour
 + Level 4.9 Dodging
 + Level 4.9 Stealth
 + Level 8.3 Shields
 + Level 4.9 Unarmed Combat
 + Level 4.9 Spellcasting
 + Level 4.0 Conjurations
 + Level 4.0 Hexes
 + Level 4.0 Summonings
 + Level 4.0 Necromancy
 + Level 4.0 Translocations
 + Level 4.0 Transmutations
 + Level 4.0 Fire Magic
 + Level 4.0 Ice Magic
 + Level 4.0 Air Magic
 + Level 4.0 Earth Magic
 + Level 4.0 Poison Magic
 + Level 5.4 Invocations
 + Level 4.9 Evocations


You had 11 spell levels left.
You knew the following spells:

 Your Spells              Type           Power      Damage    Failure   Level
a - Swiftness             Air            10%        N/A       19%         3
b - Stone Arrow           Conj/Erth      20%        3d8       19%         3

Your spell library contained the following spells:

 Spells                   Type           Power      Damage    Failure   Level
 Sandblast                Erth           20%        2d7       6%          1
 Cigotuvi's Dreadful Rot  Necr/Pois/Air  20%        N/A       10%         2
 Ensorcelled Hibernation  Hex/Ice        20%        N/A       10%         2
 Passwall                 Tmut/Erth      8%         N/A       10%         2
 Dazzling Flash           Conj/Hex       20%        N/A       19%         3
 Frozen Ramparts          Ice            20%        1d4       19%         3
 Dispel Undead            Necr           10%        3d9       52%         4
 Ice Form                 Ice/Tmut       10%        N/A       52%         4
 Iskenderun's Mystic Bla  Conj/Tloc      10%        2d4       52%         4
 Starburst                Conj/Fire      5%         6d4       100%        6
 Summon Ice Beast         Ice/Summ       Unusable   N/A       N/A         4
 Death Channel            Necr           Unusable   N/A       N/A         6

Dungeon Overview and Level Annotations

Branches:
Dungeon (7/15)             Temple (1/1) D:4

Altars:
Cheibriados
Dithmenos
Gozag
Kikubaaqudgha
Okawaru
Ru
Sif Muna
Uskayaw
Wu Jian
Yredelemnul

Annotations:
D:5 2 transporters


Innate Abilities, Weirdness & Mutations

You have very sharp teeth.
Your uncanny sense of smell can sniff out nearby items.
Your experience applies equally to all skills.


Message History

A wyvern comes into view.
A wyvern is nearby!
A wyvern is nearby!
The wyvern hisses angrily.
You see here 23 gold pieces.
The wyvern bites you!
You barely miss the wyvern. Your bite misses the wyvern.
The wyvern bites you! x2
You are too injured to fight recklessly!
You are too injured to fight recklessly!
You are too injured to fight recklessly!
You are too injured to fight recklessly!
You are too injured to fight recklessly!
You are too injured to fight recklessly!
You are too injured to fight recklessly!
You are too injured to fight recklessly!
You are too injured to fight recklessly!
You are too injured to fight recklessly!
You are too injured to fight recklessly!
You are too injured to fight recklessly!
A wyvern is nearby!
You closely miss the wyvern. You bite the wyvern, but do no damage.
You block the wyvern's attack. The wyvern bites you.
You closely miss the wyvern. You bite the wyvern.
The wyvern is lightly wounded.
The wyvern bites you! The wyvern bites you.
You hit the wyvern.
The wyvern is lightly wounded.
The wyvern bites you!
* * * LOW HITPOINT WARNING * * *
You feel better. The wyvern bites you!
* * * LOW HITPOINT WARNING * * *
You block the wyvern's attack.
As you read the scroll labelled KAUNTO XANAHAA, it crumbles to dust.
It is a scroll of enchant armour.
Your +0 buckler glows green for a moment.
You block the wyvern's attack.
You feel better. The wyvern bites you!
* * * LOW HITPOINT WARNING * * *
The wyvern bites you!
You die...

...## .##.# #....####
.##.# #........ ....#
####........ ....#
∆#........... ....#
#...........
.##.#########...........
..#..#.##..#<...........
..#.......#...$.@l......
.............######.....
..#.....#....# ...
##.###.#.##..# .
#.♣.###.♣.##.# ## #.
##.####.. ## ## ... .#
#... #. ...


You could see a wyvern.

Vanquished Creatures
  Pikel (D:4)
  A kobold demonologist (D:7)
  Menkaure (D:5)
  A steam dragon (D:6)
  Edmund (D:4)
  2 black bears
  An orc warrior (D:7)
  A sky beast (D:7)
  An ice beast (D:6)
  Pargi (D:3)
  A centaur (D:4)
  4 lemures (D:4)
  A phantom (D:6)
  Blork the orc (D:5)
  2 necrophages
  4 bullfrogs (D:6)
  3 scorpions
  3 jellies (D:6)
  8 hounds
  2 orc priests
  An iguana (D:5)
  3 orc wizards
  3 gnolls (D:5)
  9 adders
  3 shadow imps
  2 white imps
  An ufetubus (D:6)
  A worm (D:2)
  4 dart slugs
  18 orcs
  10 bats
  6 endoplasms
  2 giant cockroaches
  8 hobgoblins
  5 jackals
  5 quokkas
  7 ball pythons
  3 frilled lizards (D:1)
  4 goblins
  11 kobolds
  9 rats
155 creatures vanquished.

Vanquished Creatures (others)
  An endoplasm (D:4)
  6 fungi (D:6)
7 creatures vanquished.

Grand Total: 162 creatures vanquished

Notes
Turn   | Place    | Note
-------+----------+-------------------------------------------
     0 | D:1      | hikkokomori the Gnoll Fighter began the quest for the Orb.
     0 | D:1      | Reached XP level 1. HP: 23/23 MP: 1/1
   178 | D:1      | Reached XP level 2. HP: 27/29 MP: 2/2
   453 | D:1      | Reached XP level 3. HP: 35/35 MP: 3/3
   753 | D:1      | Found a faded altar of an unknown god.
  1007 | D:2      | Reached skill level 1 in Invocations
  1035 | D:2      | Reached skill level 1 in Short Blades
  1035 | D:2      | Reached skill level 1 in Long Blades
  1035 | D:2      | Reached skill level 1 in Maces & Flails
  1035 | D:2      | Reached skill level 1 in Polearms
  1035 | D:2      | Reached skill level 1 in Staves
  1035 | D:2      | Reached skill level 1 in Ranged Weapons
  1035 | D:2      | Reached skill level 1 in Throwing
  1035 | D:2      | Reached skill level 1 in Dodging
  1035 | D:2      | Reached skill level 1 in Stealth
  1035 | D:2      | Reached skill level 1 in Unarmed Combat
  1035 | D:2      | Reached skill level 1 in Spellcasting
  1035 | D:2      | Reached skill level 1 in Evocations
  1178 | D:2      | Reached XP level 4. HP: 41/41 MP: 5/5
  1704 | D:3      | Reached skill level 1 in Conjurations
  1704 | D:3      | Reached skill level 1 in Hexes
  1704 | D:3      | Reached skill level 1 in Summonings
  1704 | D:3      | Reached skill level 1 in Necromancy
  1704 | D:3      | Reached skill level 1 in Translocations
  1704 | D:3      | Reached skill level 1 in Transmutations
  1704 | D:3      | Reached skill level 1 in Fire Magic
  1704 | D:3      | Reached skill level 1 in Ice Magic
  1704 | D:3      | Reached skill level 1 in Air Magic
  1704 | D:3      | Reached skill level 1 in Earth Magic
  1704 | D:3      | Reached skill level 1 in Poison Magic
  1727 | D:3      | Noticed Pargi
  1751 | D:3      | Killed Pargi
  1752 | D:3      | Reached XP level 5. HP: 4/47 MP: 5/7
  1983 | D:3      | You fall into a shaft and drop 3 floors!
  2025 | D:5      | Entered Level 5 of the Dungeon
  2027 | D:5      | Noticed a phantom
  2034 | D:5      | Noticed Blork the orc
  2038 | D:6      | Reached XP level 6. HP: 53/53 MP: 8/8
  2080 | D:6      | Reached skill level 5 in Axes
  2201 | D:5      | Killed Blork the orc
  2241 | D:5      | Found a transporter.
  2245 | D:5      | Noticed an ice beast
  2245 | D:5      | Noticed an ice beast
  2265 | D:5      | Reached XP level 7. HP: 19/60 MP: 10/10
  2328 | D:5      | Noticed Menkaure
  2337 | D:5      | Killed Menkaure
  2342 | D:5      | Identified the ring of Raz Ejapn {rC+ rCorr Int+2}
  2424 | D:5      | Found an ancient bone altar of Kikubaaqudgha.
  2530 | D:5      | Found a shimmering blue altar of Sif Muna.
  2575 | D:5      | Found a transporter.
  3216 | D:4      | Found a staircase to the Ecumenical Temple.
  3230 | D:4      | Reached XP level 8. HP: 58/67 MP: 12/12
  3236 | Temple   | Entered the Ecumenical Temple
  3241 | Temple   | Became a worshipper of Warmaster Okawaru
  3304 | D:4      | Noticed Pikel
  3321 | D:4      | Killed Pikel
  3321 | D:4      | Reached * piety under Okawaru
  3547 | D:4      | Noticed Edmund
  3573 | D:4      | Killed Edmund
  3574 | D:4      | Reached XP level 9. HP: 24/73 MP: 14/14
  3921 | D:5      | Found a sacrificial altar of Ru.
  3936 | D:5      | Found a basalt altar of Yredelemnul.
  4016 | D:5      | Found an ornate altar of the Wu Jian Council.
  4296 | D:6      | Found a snail-covered altar of Cheibriados.
  4328 | D:6      | Reached ** piety under Okawaru
  4744 | D:6      | Reached skill level 5 in Invocations
  4844 | D:6      | HP: 3/74 [slime creature (12)]
  4928 | D:7      | Learned a level 3 spell: Swiftness
  4930 | D:7      | Noticed a kobold demonologist
  4936 | D:7      | Learned a level 3 spell: Stone Arrow
  4941 | D:7      | Killed a kobold demonologist
  5113 | D:7      | Reached *** piety under Okawaru
  5218 | D:7      | HP: 2/74 [wyvern (15)]
  5218 | D:7      | Mangled by a wyvern

Illustrated notes

Levels and vault maps discovered:
D:1:      minmay_arrival_four_loops, layout_basic,
          shapermc_ecumenical_altar_petra
D:2:      layout_loops_ring, chequers_serial_rivers_room_b, serial_park_tiny_1
D:3:      layout_basic, uniq_pargi
D:4:      wad_pebble_path, layout_rooms, minmay_temple_entry_junction,
          uniq_pikel, uniq_edmund
D:5:      gammafunk_cloud_chamber, layout_cave_pools,
          nicolae_sif_muna_little_library, nzn_wu_jian_contemplation,
          minitemple, lemuel_coloured_pillars_altar, uniq_blork_the_orc,
          uniq_menkaure
D:6:      lemuel_slime, layout_basic, kennysheep_mini_moat
D:7:      layout_basic, grunt_decor_mini_mirrors,
          hellmonk_guarded_unrand_frostbite, uniq_prince_ribbit1
Temple:   nicolae_temple_ecumenical_triangle

Skill      XL: |  1  2  3  4  5  6  7  8  9 |
---------------+----------------------------+-----
Invocations    | 1 2 3 4 5 |  5.4
Short Blades   | 1 2 3 4 |  4.9
Long Blades    | 1 2 3 4 |  4.9
Maces & Flails | 1 2 3 4 |  4.9
Polearms       | 1 2 3 4 |  4.9
Staves         | 1 2 3 4 |  4.9
Ranged Weapons | 1 2 3 4 |  4.9
Throwing       | 1 2 3 4 |  4.9
Dodging        | 1 2 3 4 |  4.9
Stealth        | 1 2 3 4 |  4.9
Unarmed Combat | 1 2 3 4 |  4.9
Spellcasting   | 1 2 3 4 |  4.9
Evocations     | 1 2 3 4 |  4.9
Conjurations   | 1 2 3 4 |  4.0
Hexes          | 1 2 3 4 |  4.0
Summonings     | 1 2 3 4 |  4.0
Necromancy     | 1 2 3 4 |  4.0
Translocations | 1 2 3 4 |  4.0
Transmutations | 1 2 3 4 |  4.0
Fire Magic     | 1 2 3 4 |  4.0
Ice Magic      | 1 2 3 4 |  4.0
Air Magic      | 1 2 3 4 |  4.0
Earth Magic    | 1 2 3 4 |  4.0
Poison Magic   | 1 2 3 4 |  4.0
Axes           | 5 6 |  6.8
Fighting       | 7 8 |  8.3
Armour         | 7 8 |  8.3
Shields        | 7 8 |  8.3

Action                     |  1- 3 |  4- 6 |  7- 9 || total
---------------------------+-------+-------+-------++-------
  Melee: Dagger            |       |    10 |     6 ||    16
         War axe           |       |    17 |   299 ||   316
         Bite              |       |     6 |    34 ||    40
   Fire: Sling             |   120 |   115 |       ||   235
   Cast: Stone Arrow       |       |       |     3 ||     3
  Evoke: Wand              |       |       |     5 ||     5
    Use: Potion            |       |     1 |     5 ||     6
         Scroll            |       |       |     1 ||     1
   Stab: Sleeping          |       |       |    13 ||    13
         Distracted        |       |       |     1 ||     1
 Armour: Scale mail        |    45 |    33 |       ||    78
         Troll leather arm |       |    18 |    87 ||   105
  Dodge: Dodged            |    49 |    95 |   200 ||   344
  Block: Buckler           |    25 |    43 |    88 ||   156

Table legend: (Time is in decaauts)
 A = Elapsed time spent in this place.
 B = Non-inter-level travel time spent in this place.
 C = Inter-level travel time spent in this place.
 D = Time resting spent in this place.
 E = Time spent auto-exploring this place.
 F = Levels seen in this place.
 G = Mean time per level.
                   A        B        C        D        E       F      G
               +--------+--------+--------+--------+--------+-----+--------+
         Total |   5414 |   5251 |    163 |    158 |   3644 |   8 |  676.8 |
       Dungeon |   5403 |   5240 |    163 |    158 |   3644 |   7 |  771.9 |
        Temple |     10 |     10 |      0 |      0 |      0 |   1 |   10.0 |
               +--------+--------+--------+--------+--------+-----+--------+

Top non-repeatable levels by time:
     D:6: 1093 daAuts
     D:3: 938 daAuts
     D:1: 903 daAuts
     D:2: 810 daAuts
     D:5: 680 daAuts
     D:4: 671 daAuts
     D:7: 305 daAuts
  Temple: 10 daAuts
